Description

1 Base Glaive Adepts. Stop probe production at 20. 2 in each assimilator.

Build Order

Get SALT Encoding   

  12  0:00  Probe  
  13  0:12  Probe  
  14  0:17  Pylon  
  14  0:24  Probe  
  15  0:36  Probe  
  16  0:37  Gateway  
  16  0:44  Probe (Chrono Boost)  
  17  0:47  Assimilator  
  20  1:23  Cybernetics Core  
  20  1:59  Gateway  
  20  2:00  Twilight Council  
  20  2:04  Warp Gate  
  20  2:24  Gateway x2  
  20  2:41  Resonating Glaives (Chrono Boost)  
  20  2:42  Assimilator  
  20  2:43  Pylon  
  20  2:51  Adept  
  22  3:01  Adept  
  24  3:11  Adept x2  
  28  3:12  Pylon  
  28  3:21  Adept  
  30  3:31  Adept (Chrono Boost)  
  32  3:32  Pylon  
  32  3:48  Adept x2  
  36  3:51  Pylon  
  36  3:56  Adept x2  
  40  4:08  Adept x2  
  44  4:09  Adept x2  
Spawning Tool Build Advisor. Get it on Overwolf

Go to:

Details

  • Created by: LightWisdom
  • Published on: Jan 10, 2021
  • Modified on: Jan 10, 2021
  • Patch: 4.11.0
  • Difficulty: Medium
Show
View Real Time Build Order
Export as new Build Order

Comments (0)

There are no comments. Be the first!

Create an account to comment!